 Dungeon Crawl Stone Soup version 0.29.1-15-g9cfb28693d (webtiles) character file.

Game seed: 8545264931487339829

656 H0rd4k the Charlatan (level 7, -2/51 HPs)
             Began as a Human Artificer on Apr 18, 2023.
             Slain by Natasha (3 damage)
             ... on level 2 of the Dungeon.
             The game lasted 00:05:20 (5696 turns).

H0rd4k the Charlatan (Human Artificer)              Turns: 5696, Time: 00:05:20

Health: -2/51      AC:  4    Str: 12    XL:     7   Next: 85%
Magic:  7/7        EV: 12    Int: 13    God:
Gold:   195        SH:  0    Dex: 14    Spells: 6/6 levels left

rFire   + . .      SeeInvis .   j - +3 dagger
rCold   . . .      Faith    .   (no shield)
rNeg    . . .      Spirit   .   b - +0 leather armour
rPois   .          Reflect  .   (no helmet)
rElec   .          Harm     +   e - scarf {harm}
rCorr   .          Rampage  .   u - +0 pair of gloves
Will    .....                   (no boots)
Stlth   ++........              (no amulet)
HPRegen 0.17/turn               l - ring of protection from fire
MPRegen 0.10/turn               (no ring)

@: no status effects
A: no striking features
a: no special abilities


You were on level 2 of the Dungeon.
You visited 1 branch of the dungeon, and saw 4 of its levels.

You collected 195 gold pieces.

Inventory:

Hand Weapons
 j - a +3 dagger (weapon)
Armour
 b - a +0 leather armour (worn)
 e - a scarf of harm (worn)
 u - a +0 pair of gloves (worn)
Jewellery
 l - a ring of protection from fire (left hand)
 p - an amulet of guardian spirit
Wands
 d - a wand of charming (11)
Scrolls
 a - a scroll of identify {unknown}
 f - 5 scrolls of teleportation {unknown}
 g - a scroll of vulnerability {unknown}
 h - a scroll of noise {unknown}
 o - a scroll of enchant weapon {unknown}
 s - a scroll of silence {unknown}
 t - a scroll of amnesia {unknown}
 v - a scroll of torment {unknown}
Potions
 c - a potion of flight {unknown}
 i - 3 potions of curing
 k - 2 potions of degeneration {unknown}
 m - a potion of resistance {unknown}
 n - a potion of brilliance {unknown}
 q - 2 potions of berserk rage {unknown}
 r - 2 potions of heal wounds {unknown}
 w - a potion of lignification {unknown}


   Skills:
 + Level 2.7 Fighting
 + Level 4.3 Short Blades
 - Level 2.0 Armour
 + Level 3.0 Dodging
 + Level 3.9 Stealth
 + Level 4.5 Evocations


You had 6 spell levels left.
You didn't know any spells.
Your spell library contained the following spells:

 Spells                   Type           Power      Damage    Failure   Level
 Blink                    Tloc           0%         N/A       52%         2
 Ensorcelled Hibernation  Hex/Ice        0%         N/A       52%         2
 Passwall                 Tmut/Erth      0%         N/A       52%         2
 Conjure Flame            Conj/Fire      0%         6-21      75%         3
 Ignite Poison            Fire/Tmut/Pois 0%         N/A       75%         3
 Swiftness                Air            0%         N/A       75%         3
 Sticky Flame             Conj/Fire      0%         2d3       98%         4
 Manifold Assault         Tloc           0%         N/A       100%        5
 Storm Form               Tmut/Air       0%         N/A       100%        7


Dungeon Overview and Level Annotations

Branches:
Dungeon (4/15)
 Temple: D:4-7

Altars:
The Shining One

Shops:
D:4 *(

Annotations:
D:2 Natasha
D:4 3 runed translucent doors, Route97's ghost, amateur OpEE; vvl's ghost, amateur OgBe


Message History

You barely miss Natasha.
Natasha is severely wounded.
Natasha claws you.
You closely miss Natasha.
Natasha is severely wounded.
The white imp barely misses you. Natasha claws you.
You hit Natasha.
Natasha is severely wounded.
The shadow imp barely misses you. The white imp barely misses you.
Natasha claws you but does no damage.
You closely miss Natasha.
Natasha is severely wounded.
The shadow imp closely misses you.
You barely miss Natasha.
Natasha is severely wounded.
Natasha stares at you and mumbles some strange words.
The magic dart hits you. The white imp hits you. The white imp freezes you.
The shadow imp gestures at you. Pain shoots through your body!
You hit Natasha.
Natasha is almost dead.
Natasha misses you. The white imp gestures at you. The puff of frost hits you!
You hit Natasha.
Natasha is almost dead.
The shadow imp gestures at you. Pain shoots through your body!
* * * LOW HITPOINT WARNING * * *
The white imp hits you.
* * * LOW HITPOINT WARNING * * *
The white imp freezes you.
* * * LOW HITPOINT WARNING * * *
Natasha barely misses you.
You hit Natasha but do no damage.
Natasha is almost dead.
The shadow imp hits you.
* * * LOW HITPOINT WARNING * * *
The white imp barely misses you. Natasha claws you.
You die...

### ### ###### #.# #.# #.##.####
#.###.#####.##....#
#..............##.#
#.###############.# #.#
#.............###
####.###.#####.........###
###.†)...#.# #h5.........#####
....####.#.# #@5.............#
.##.#....#.# #.........#.###.#
....#.##.#.########..........#.#
..#.÷##..#.............#...#.#.#
..###.#.........###+#......#.#.##
...#...#..#####........#.#.#.#.#.
.##[#.###.# #.'........+...#.#.#.
...)##..#.###'#........###.#.#.#.
##.##.#...............## #.#.#.#.


You could see Natasha, a white imp (summoned) and a shadow imp (summoned).

Vanquished Creatures
  Eustachio (D:4)
  An ogre (D:4)
  A phantom (D:4)
  A scorpion (D:3)
  2 hounds (D:4)
  Natasha (twice) (D:2)
  3 gnolls (D:4)
  7 adders
  A worm (D:3)
  4 dart slugs
  3 orcs
  4 bats
  7 endoplasms
  3 giant cockroaches
  10 goblins
  4 hobgoblins
  5 kobolds
  5 quokkas
  9 ball pythons
  5 frilled lizards
  2 rats
80 creatures vanquished.

Vanquished Creatures (collateral kills)
  2 gnolls (D:4)
2 creatures vanquished.

Vanquished Creatures (others)
  A gnoll bouda (D:4)
  4 plants
5 creatures vanquished.

Grand Total: 87 creatures vanquished

Notes
Turn   | Place    | Note
-------+----------+-------------------------------------------
     0 | D:1      | H0rd4k the Human Artificer began the quest for the Orb.
     0 | D:1      | Reached XP level 1. HP: 15/15 MP: 1/1
   493 | D:1      | Reached XP level 2. HP: 21/21 MP: 2/2
   894 | D:1      | Reached XP level 3. HP: 13/26 MP: 3/3
  1979 | D:2      | Reached skill level 1 in Short Blades
  2081 | D:2      | Reached XP level 4. HP: 32/32 MP: 4/4
  2658 | D:2      | Noticed Natasha
  2963 | D:2      | Killed Natasha
  2964 | D:2      | Reached XP level 5. HP: 37/37 MP: 5/5
  3311 | D:3      | Found a glowing golden altar of the Shining One.
  3551 | D:3      | Reached XP level 6. HP: 15/44 MP: 6/6
  3927 | D:3      | Found a faded altar of an unknown god.
  4007 | D:4      | Found Qekk's Weapon Boutique.
  4178 | D:4      | Noticed Eustachio
  4182 | D:4      | Killed Eustachio
  4183 | D:4      | Reached XP level 7. HP: 50/50 MP: 7/7
  4183 | D:4      | Found Peist's Gadget Gallery.
  4496 | D:4      | Found a runed translucent gate.
  4497 | D:4      | Found a runed translucent gate.
  4498 | D:4      | Found a runed translucent gate.
  4499 | D:4      | Noticed vvl's ghost (amateur OgBe)
  4500 | D:4      | Noticed Route97's ghost (amateur OpEE)
  5611 | D:2      | Noticed Natasha
  5622 | D:2      | Killed Natasha
  5675 | D:2      | Noticed Natasha
  5696 | D:2      | HP: 1/51 [shadow imp[Natasha] (3)]
  5696 | D:2      | Slain by Natasha

Illustrated notes

Levels and vault maps discovered:
D:1:      dpeg_arrival_refuge, layout_basic, serial_bayou_crossing
D:2:      cheibrodos_old_hovel, layout_basic, chequers_jeans,
          minmay_misc_feat_iff, minivault_19, minmay_pentomino_r4, uniq_natasha
D:3:      layout_rooms, mainiacjoe_overflow_paths,
          dreamdust_ecumenical_altar_hidden_monk_grotto,
          kennysheep_generic_room_11
D:4:      minmay_angry_zag, layout_rooms, gammafunk_ghost_cemetery,
          serial_shops, shop, kennysheep_donut, nicolae_shop_gadgets,
          uniq_eustachio

Skill      XL: |  1  2  3  4  5  6  7 |
---------------+----------------------+-----
Short Blades   | 1 2 3 4 |  4.3
Stealth        | 2 3 |  3.9
Dodging        | 2 3 |  3.0
Fighting       | 2 |  2.7
Evocations     | 4 |  4.5
Armour         | |  2.0

Action                   |  1- 3 |  4- 6 |  7- 9 || total
-------------------------+-------+-------+-------++-------
Melee: Club              |    14 |       |       ||    14
       Dagger            |    97 |   104 |   122 ||   323
       Punch             |     1 |       |     1 ||     2
Evoke: Wand              |       |    17 |     7 ||    24
  Use: Potion            |     1 |       |       ||     1
 Stab: Sleeping          |     3 |     4 |     1 ||     8
Armor: Leather armour    |    24 |    17 |    13 ||    54
Dodge: Dodged            |    39 |    68 |    54 ||   161
